 Dungeon Crawl Stone Soup version 0.28-a0-1524-ge72afd5fc6 (webtiles) character file.

Game seed: 14694293329206006430

9045 issech the Basher (level 11, -1/87 HPs)
             Began as a Hill Orc Fighter on Jan 17, 2022.
             Was an Initiate of Gozag.
             Slain by Urug (4 damage)
             ... on level 10 of the Dungeon.
             The game lasted 01:16:34 (13963 turns).

issech the Basher (Hill Orc Fighter)               Turns: 13963, Time: 01:16:35

Health: -1/87      AC: 28    Str: 25 (28) XL:     11   Next: 40%
Magic:  11/11      EV:  7    Int:  7 (8)  God:    Gozag
Gold:   1489       SH:  5    Dex: 10      Spells: 10/10 levels left

rFire   . . .      SeeInvis .   N - +5 flail (protect)
rCold   . . .      Faith    .   c - +0 buckler
rNeg    . . .      Spirit   .   y - +0 plate armour
rPois   .          Reflect  .   A - +1 hat
rElec   .          Harm     .   (no cloak)
rCorr   .          Rampage  .   (no gloves)
Will    .....                   (no boots)
Stlth   ..........              r - amulet of magic regeneration
HPRegen 0.24/turn               B - +6 ring of strength
MPRegen 0.52/turn               x - +4 ring of protection

@: under a protective aura
A: iridescent scales 1, frail 1, weak 1
a: Renounce Religion, Potion Petition, Call Merchant, Bribe Branch


You were on level 10 of the Dungeon.
You worshipped Gozag.
Gozag was most pleased with you.
You visited 2 branches of the dungeon, and saw 11 of its levels.

You collected 1567 gold pieces.
You paid 78 gold pieces to Gozag.

Inventory:

Hand Weapons
 a - a +0 war axe of venom
 d - a +1 dagger of electrocution
 t - a +1 spear of flaming
 v - a +2 dagger of holy wrath
 F - a +1 dagger of speed
 G - a +2 flail of holy wrath
 K - a +1 short sword of distortion
 N - a +5 flail of protection (weapon)
 O - a +1 dagger of venom
 Q - a +0 hand crossbow
 R - a +2 vorpal hand axe
 X - a +1 spear
Missiles
 e - 71 bolts
 f - 333 stones (quivered)
 j - 32 poisoned darts
 n - 145 arrows
 u - 5 boomerangs
 E - 9 sling bullets
 M - a curare-tipped dart
Armour
 c - a +0 buckler (worn)
 y - a +0 plate armour (worn)
 A - a +1 hat (worn)
 T - a +0 scale mail of cold resistance
Magical Staves
 H - a staff of fire
 L - a staff of earth
Jewellery
 k - a ring of positive energy
 r - an amulet of magic regeneration (around neck)
 x - a +4 ring of protection (right hand)
 B - a +6 ring of strength (left hand)
 I - a ring of willpower
 Z - a +6 ring of dexterity
Wands
 b - a wand of acid (5)
 g - a wand of flame (26)
 i - a wand of paralysis (6)
 J - a wand of digging (7)
 V - a wand of polymorph (8)
 Y - a wand of mindburst (3)
Scrolls
 h - 2 scrolls of immolation
 o - a scroll of brand weapon
 q - 4 scrolls of amnesia
 W - a scroll of teleportation
Potions
 l - a potion of cancellation
 m - 2 potions of magic
 z - 3 potions of curing
Miscellaneous
 S - a piece from Xom's chessboard (15/15)


   Skills:
 + Level 9.4 Fighting
 + Level 8.6(12.0) Axes
 + Level 11.2(12.0) Maces & Flails
 + Level 9.8 Armour
 + Level 1.6 Dodging
 + Level 2.0 Stealth
 + Level 6.7 Shields


You had 10 spell levels left.
You didn't know any spells.
Your spell library contained the following spells:

 Spells                   Type           Power      Damage    Failure   Level
 Apportation              Tloc           0%         N/A       99%         1
 Shock                    Conj/Air       0%         1d3       99%         1
 Sting                    Tmut/Pois      0%         1d3       99%         1
 Summon Small Mammal      Summ           0%         N/A       99%         1
 Blink                    Tloc           0%         N/A       100%        2
 Poisonous Vapours        Pois/Air       0%         N/A       100%        2
 Call Canine Familiar     Summ           0%         N/A       100%        3
 Summon Guardian Golem    Hex/Summ       0%         N/A       100%        3
 Swiftness                Air            0%         N/A       100%        3
 Airstrike                Air            0%         N/A       100%        4
 Olgreb's Toxic Radiance  Pois           0%         N/A       100%        4
 Alistair's Intoxication  Tmut/Pois      0%         N/A       100%        5
 Manifold Assault         Tloc           0%         N/A       100%        5
 Conjure Ball Lightning   Conj/Air       0%         3x3d6     100%        6
 Storm Form               Tmut/Air       0%         N/A       100%        7
 Discord                  Hex            0%         N/A       100%        8
 Disjunction              Tloc           0%         N/A       100%        8


Dungeon Overview and Level Annotations

Branches:
Dungeon (10/15)            Temple (1/1) D:5            Lair (0/6) D:10
    Orc (0/2) D:10

Altars:
Ashenzari
Cheibriados
Dithmenos
Elyvilon
Fedhas
Gozag
Hepliaklqana
Kikubaaqudgha
Makhleb
Okawaru
Qazlal
Ru
Sif Muna
Trog
Uskayaw
Vehumet
Wu Jian
Xom
Yredelemnul
Zin
The Shining One
Beogh

Annotations:
D:10 Urug


Innate Abilities, Weirdness & Mutations

You are partially covered in iridescent scales. (AC +2)
You are frail. (-10% HP)
You are weak. (Str -2)


Message History

Urug is lightly wounded.
Urug hits you with a +7 vorpal great sword!
You completely miss Urug.
Urug is lightly wounded.
Urug hits you with a +7 vorpal great sword!
You bludgeon Urug!!
Urug is moderately wounded.
Urug hits you with a +7 vorpal great sword!
You bludgeon Urug!!
Urug is severely wounded.
Urug hits you with a +7 vorpal great sword.
You closely miss Urug.
Urug is severely wounded.
Urug hits you with a +7 vorpal great sword!
* * * LOW HITPOINT WARNING * * *
x2 You completely miss Urug.
Urug is severely wounded.
You block Urug's attack.
You hit Urug but do no damage.
Urug is severely wounded.
You hit Urug but do no damage.
Urug is severely wounded.
Urug hits you with a +7 vorpal great sword.
* * * LOW HITPOINT WARNING * * *
x2 You closely miss Urug.
Urug is severely wounded.
Urug hits you but does no damage.
You hit Urug but do no damage.
Urug is severely wounded.
Urug hits you with a +7 vorpal great sword!
* * * LOW HITPOINT WARNING * * *
x2 You closely miss Urug.
Urug is severely wounded.
Urug completely misses you.
Unknown command.
It was a potion of heal wounds.
You feel much better.
Urug hits you with a +7 vorpal great sword!!
* * * LOW HITPOINT WARNING * * *
You die...
Your body crumbles into a pile of gold.

..........)......................
##.....#######)..................
##.....#...._#...................
>......#.....#...................
.......#.....#...................
.......#.....#...................
.......#.....#...........######..
.......###)###....).'#####... #..
..........).....@o..#.....# #..
..#######.#########.#.###.# #..
..#######.# #.#...#.#####..
..........# #.###....#.....
........... ..#....###.....
##......... ####.#...#.....
..#######....# #.###o###...
.#...≈...#.... #.....#.....
...#...#..... ...#####'.....


You could see Urug.

Vanquished Creatures
  A hydra (D:6)
  A two-headed ogre (D:8)
  A troll (D:9)
  A hornet (D:9)
  A meliai zombie (D:10)
  Sigmund (D:3)
  2 wyverns
  17 yaks
  Grum (D:9)
  Edmund (D:4)
  An acid dragon (D:9)
  3 water moccasins
  3 ice beasts (D:6)
  2 orc warriors (D:10)
  2 necrophages
  A sky beast (D:5)
  2 wolves (D:9)
  A hornet zombie (D:7)
  An ogre (D:5)
  3 centaurs (D:9)
  A phantom (D:4)
  Blork the orc (D:5)
  2 kobold brigands
  2 bullfrogs
  A gnoll sergeant (D:6)
  A scorpion (D:5)
  2 wyvern zombies (D:7)
  A water moccasin zombie (D:6)
  4 killer bees (D:8)
  3 wights (D:10)
  3 centaur zombies
  A bullfrog zombie (D:6)
  A centaur skeleton (D:7)
  A hound (D:6)
  A jelly (D:5)
  3 orc priests
  2 gnoll shamans
  6 iguanas
  Natasha (thrice) (D:2)
  7 orc wizards
  A killer bee zombie (D:8)
  A hound skeleton (D:5)
  Robin (D:3)
  12 gnolls
  5 adders
  2 shadow imps
  A worm (D:2)
  3 dart slugs
  47 orcs
  8 endoplasms
  7 giant cockroaches
  10 goblins
  7 hobgoblins
  7 jackals (D:2)
  5 quokkas
  6 ball pythons
  9 bats
  4 frilled lizards
  20 kobolds
  4 rats
252 creatures vanquished.

Vanquished Creatures (others)
  8 fungi (D:2)
  13 plants
21 creatures vanquished.

Grand Total: 273 creatures vanquished

Notes
Turn   | Place    | Note
-------+----------+-------------------------------------------
     0 | D:1      | issech the Hill Orc Fighter began the quest for the Orb.
     0 | D:1      | Reached XP level 1. HP: 19/19 MP: 1/1
   397 | D:1      | Reached XP level 2. HP: 27/27 MP: 2/2
   904 | D:1      | Reached XP level 3. HP: 15/33 MP: 3/3
  1620 | D:2      | Reached XP level 4. HP: 24/40 MP: 4/4
  1904 | D:2      | Noticed Natasha
  1916 | D:2      | Killed Natasha
  1975 | D:2      | Noticed Natasha
  1996 | D:2      | Killed Natasha
  1997 | D:2      | Reached XP level 5. HP: 18/46 MP: 5/5
  2049 | D:2      | Noticed Natasha
  2058 | D:2      | Killed Natasha
  2614 | D:2      | Found a shadowy altar of Dithmenos.
  2630 | D:2      | Reached skill level 5 in Axes
  2677 | D:2      | Found a faded altar of an unknown god.
  2847 | D:3      | Noticed Robin
  2866 | D:3      | Killed Robin
  3576 | D:3      | Reached skill level 5 in Armour
  3576 | D:3      | Reached XP level 6. HP: 52/52 MP: 6/6
  3959 | D:3      | Noticed Sigmund
  3965 | D:3      | Killed Sigmund
  3966 | D:3      | Reached skill level 1 in Dodging
  4225 | D:4      | Reached XP level 7. HP: 60/60 MP: 7/7
  4242 | D:4      | Noticed Edmund
  4252 | D:4      | Killed Edmund
  4253 | D:4      | Reached skill level 5 in Fighting
  5341 | D:5      | Entered Level 5 of the Dungeon
  5723 | D:5      | Found a staircase to the Ecumenical Temple.
  5740 | D:5      | Noticed Blork the orc
  5752 | D:5      | Killed Blork the orc
  5753 | D:5      | Reached skill level 1 in Maces & Flails
  5753 | D:5      | Reached XP level 8. HP: 63/69 MP: 8/8
  5789 | D:5      | Noticed a yak
  5790 | D:5      | Noticed a yak
  5790 | D:5      | Noticed a yak
  5790 | D:5      | Noticed a yak
  5792 | D:5      | Noticed a yak
  5810 | D:5      | Killed a yak
  5811 | D:5      | Reached skill level 2 in Maces & Flails
  5817 | D:5      | Killed a yak
  5818 | D:5      | Reached skill level 1 in Stealth
  5825 | D:5      | Killed a yak
  5826 | D:5      | Reached skill level 3 in Maces & Flails
  5828 | D:5      | HP: 3/70 [yak (12)]
  5829 | Temple   | Entered the Ecumenical Temple
  5832 | Temple   | Killed a yak
  6166 | D:5      | Killed a yak
  6167 | D:5      | Reached skill level 4 in Maces & Flails
  6194 | D:5      | Reached XP level 9. HP: 60/78 MP: 9/9
  6404 | D:5      | Reached skill level 5 in Maces & Flails
  7147 | Temple   | Became a worshipper of Gozag Ym Sagoz the Greedy
  7226 | D:6      | Reached skill level 6 in Maces & Flails
  7817 | D:6      | Reached skill level 7 in Maces & Flails
  8070 | D:7      | Noticed an eight-headed hydra
  8453 | D:6      | HP: 2/79 [eight-headed hydra (4)]
  8454 | D:6      | Killed an eight-headed hydra
  8455 | D:6      | Reached skill level 5 in Shields
  8455 | D:6      | Reached XP level 10. HP: 3/86 MP: 10/10
  9081 | D:7      | Reached skill level 8 in Maces & Flails
 10259 | D:8      | Noticed a two-headed ogre
 10269 | D:8      | Killed a two-headed ogre
 10270 | D:8      | Reached skill level 9 in Maces & Flails
 11458 | D:9      | Reached skill level 10 in Maces & Flails
 11458 | D:9      | Reached XP level 11. HP: 86/95 MP: 11/11
 11519 | D:9      | Noticed Grum
 11540 | D:9      | Killed Grum
 12533 | D:9      | Gained mutation: You are weak. (Str -2) [potion of
                  | mutation]
 12533 | D:9      | Gained mutation: You are partially covered in iridescent
                  | scales. (AC +2) [potion of mutation]
 12533 | D:9      | Gained mutation: You are frail. (-10% HP) [potion of
                  | mutation]
 12805 | D:10     | Entered Level 10 of the Dungeon
 12855 | D:10     | Found a staircase to the Orcish Mines.
 12921 | D:10     | Found a staircase to the Lair.
 13024 | D:10     | Reached skill level 11 in Maces & Flails
 13237 | D:10     | Found a roughly hewn altar of Beogh.
 13506 | D:10     | Noticed Urug
 13961 | D:10     | HP: 3/87 [Urug (4)]
 13963 | D:10     | Slain by Urug

Illustrated notes

Levels and vault maps discovered:
D:1:      minmay_arrival_checkered_box, layout_basic, minmay_small_reverse_x
D:2:      layout_rooms, basic_altar, shapermc_ecumenical_altar_hornbeckon,
          uniq_natasha
D:3:      layout_loops_ring, due_unseen_surprise, uniq_sigmund, uniq_robin
D:4:      layout_loops_ring, bh_walls_and_bars, uniq_edmund
D:5:      layout_cave_pools, minmay_temple_entry_glassed_door,
          uniq_blork_the_orc
D:6:      layout_rooms
D:7:      layout_cave_pools
D:8:      layout_loops_ring
D:9:      layout_basic, uniq_grum
D:10:     layout_long_grid, mainiacjoe_overflow_swirl, dpeg_oklobed_lair,
          orc_0_dummy, serial_shops, shop, special_room [special_room_orc],
          minivault_16, uniq_psyche, uniq_urug
Temple:   mainiacjoe_temple_cubbyholes

Skill      XL: |  1  2  3  4  5  6  7  8  9 10 11 |
---------------+----------------------------------+-----
Axes           | 3 4 5 6 8 |  8.6
Fighting       | 4 5 6 7 8 9 |  9.4
Armour         | 4 5 6 8 9 |  9.8
Dodging        | 1 |  1.6
Shields        | 4 5 6 |  6.7
Maces & Flails | 1 4 7 10 11 | 11.2
Stealth        | 1 2 |  2.0

Action                   |  1- 3 |  4- 6 |  7- 9 | 10-12 || total
-------------------------+-------+-------+-------+-------++-------
Melee: War axe           |   112 |   171 |    23 |       ||   306
       Flail             |       |       |   229 |   384 ||   613
Throw: Stone             |     1 |       |       |       ||     1
  Use: Scroll            |     2 |       |     3 |    10 ||    15
       Potion            |       |     2 |     3 |     6 ||    11
 Stab: Distracted        |       |       |       |     3 ||     3
Armor: Scale mail        |    55 |    58 |     7 |       ||   120
       Plate armour      |       |       |   198 |   232 ||   430
Dodge: Dodged            |    72 |    63 |   111 |   112 ||   358
Block: Buckler           |    25 |    23 |    65 |    85 ||   198

Table legend: (Time is in decaauts)
 A = Elapsed time spent in this place.
 B = Non-inter-level travel time spent in this place.
 C = Inter-level travel time spent in this place.
 D = Time resting spent in this place.
 E = Time spent auto-exploring this place.
 F = Levels seen in this place.
 G = Mean time per level.
                   A        B        C        D        E       F      G
               +--------+--------+--------+--------+--------+-----+--------+
         Total |  14022 |  13904 |    118 |   4923 |   3734 |  11 | 1274.7 |
       Dungeon |  13250 |  13132 |    118 |   4610 |   3442 |  10 | 1325.0 |
        Temple |    772 |    772 |      0 |    312 |    292 |   1 |  772.0 |
               +--------+--------+--------+--------+--------+-----+--------+

Top non-repeatable levels by time:
     D:9: 2336 daAuts
     D:6: 1655 daAuts
     D:1: 1498 daAuts
     D:3: 1443 daAuts
     D:2: 1358 daAuts
     D:4: 1126 daAuts
     D:5: 1083 daAuts
     D:7: 1015 daAuts
     D:8: 993 daAuts
  Temple: 772 daAuts
    D:10: 738 daAuts
